AoeStats
← skajel

Arabia

503234167Analyzed
2v2 RM · 2mo ago on Aug 30, 2026· 60m 6s· 4 players
Game mode
Random Map
Map size
Medium (4 player)
Population
200
Speed
Normal
Resources
Standard
Victory
Conquest
Starting age
Dark Age
Ending age
Imperial Age
RankedLock teamsTeams togetherTeam positionsShared explorationLock speedFull tech treeHidden civsTurbo modeCheats
Victory
Defeat
🇬🇧 Ethiopians · United Kingdom
1062
+15
🇬🇧 Vikings · United Kingdom
1062
+15
vs
🇨🇿 Vietnamese · Czechia
1054
-16
🇨🇿 Burgundians · Czechia
1022
-14
Mašinec
5:55 Loom
9:09 Feudal Age
10:55 Horse Collar
11:08 Double-Bit Axe
12:10 Heavy Plow
13:25 Wheelbarrow
14:10 Forging
14:26 Heavy Plow
14:40 Bow Saw
22:26 Castle Age
22:35 Cavalier
23:16 Husbandry
24:26 Scale Barding Armor
24:57 Iron Casting
24:19 Gold Mining
26:53 Chain Barding Armor
29:02 Scale Mail Armor
31:18 Two-Man Saw
32:07 Crop Rotation
38:40 Imperial Age
36:41 Hand Cart
38:09 Herbal Medicine
40:00 Gold Shaft Mining
39:54 Burgundian Vineyards
39:44 Paladin
41:23 Plate Barding Armor
42:08 Conscription
43:10 Blast Furnace
46:21 Chemistry
46:10 Padded Archer Armor
46:24 Devotion
skajel
5:16 Loom
9:32 Feudal Age
10:06 Double-Bit Axe
17:22 Wheelbarrow
17:26 Fletching
20:49 Padded Archer Armor
27:18 Castle Age
28:20 Elite Skirmisher
30:58 Bodkin Arrow
31:04 Scale Mail Armor
31:14 Forging
33:07 Chain Mail Armor
39:45 Iron Casting
42:11 Bow Saw
ButtonBash
7:48 Loom
10:28 Feudal Age
16:57 Double-Bit Axe
17:12 Fletching
17:27 Padded Archer Armor
26:23 Castle Age
24:08 Horse Collar
24:59 Gold Mining
26:28 Scale Barding Armor
26:34 Forging
27:33 Chain Barding Armor
28:05 Husbandry
28:58 Forging
28:34 Crossbowman
30:14 Iron Casting
34:55 Wheelbarrow
34:26 Bodkin Arrow
38:12 Imperial Age
37:10 Bow Saw
40:54 Two-Man Saw
41:17 Arbalester
43:02 Bracer
43:29 Hand Cart
43:14 Cavalier
44:57 Blast Furnace
44:29 Town Watch
45:22 Halberdier
47:52 Chemistry
47:28 Leather Archer Armor
48:12 Thumb Ring
48:40 Ring Archer Armor
49:32 Gold Shaft Mining
49:00 Heavy Plow
50:12 Town Patrol
54:33 Squires
54:34 Scale Mail Armor
55:28 Ballistics
Original AI
7:45 Loom
10:28 Feudal Age
11:15 Double-Bit Axe
11:12 Horse Collar
23:37 Castle Age
22:15 Scale Barding Armor
22:20 Forging
22:33 Gold Mining
24:46 Chain Barding Armor
25:01 Iron Casting
30:13 Gold Shaft Mining
29:40 Heavy Plow
30:38 Bow Saw
31:21 Squires
31:07 Gambesons
31:10 Arson
35:18 Pikeman
37:43 Scale Mail Armor
37:34 Fletching
37:39 Stone Mining
37:58 Chieftains
38:06 Town Watch
39:08 Chain Mail Armor
38:53 Padded Archer Armor
39:20 Ballistics
39:11 Masonry
39:32 Bodkin Arrow
43:43 Imperial Age
45:20 Conscription
45:34 Plate Mail Armor
46:03 Elite Berserk
47:07 Conscription
47:47 Bogsveigar
47:30 Onager
49:12 Siege Engineers
50:08 Chemistry
48:49 Light Cavalry
49:50 Elite Skirmisher
53:04 Bracer
59:13 Crop Rotation
59:52 Two-Man Saw
59:42 Architecture
Connection lost

Rejoining the realm…

Still unreachable

The connection could not be restored.

Session expired

The server has moved on; the page needs a fresh start.